 Dungeon Crawl Stone Soup version 0.28.0-43-g3370ac3207 (webtiles) character file.

Game seed: 9454679963166267859

1694 terff the Cleaver (level 9, -4/78 HPs)
             Began as a Hill Orc Fighter on Apr 1, 2022.
             Was an Initiate of Okawaru.
             Killed from afar by Maggie (12 damage)
             ... with a bolt of fire
             ... on level 6 of the Dungeon.
             The game lasted 00:10:25 (4656 turns).

terff the Cleaver (Hill Orc Fighter)                Turns: 4656, Time: 00:10:26

Health: -4/78      AC: 10    Str: 21    XL:     9   Next: 2%
Magic:  0/9        EV: 11    Int:  5    God:    Okawaru [......]
Gold:   790        SH:  0    Dex: 12    Spells: 8/8 levels left

rFire   . . .      SeeInvis .   v - +4 whip
rCold   . . .      Faith    .   c - +0 buckler
rNeg    + + .      Spirit   +   r - +0 troll leather armour {Pargi}
rPois   .          Reflect  .   (no helmet)
rElec   .          Harm     .   (no cloak)
rCorr   .          Rampage  .   k - +3 Mad Mage's Maulers {Infuse+∞ RegenMP Int-3}
Will    .....                   g - +0 pair of boots
Stlth   +.........              i - amulet of guardian spirit
HPRegen 1.03/turn               f - ring of positive energy
MPRegen 0.51/turn               o - ring of positive energy

@: confused, studying Summonings
A: no striking features
a: Renounce Religion


You were on level 6 of the Dungeon.
You worshipped Okawaru.
Okawaru was noncommittal.
You visited 2 branches of the dungeon, and saw 7 of its levels.
You also visited: Sewer.

You collected 790 gold pieces.

Inventory:

Hand Weapons
 a - a +1 war axe of venom
 v - a +4 whip (weapon)
Armour
 b - a +0 scale mail
 c - a +0 buckler (worn)
 g - a +0 pair of boots (worn)
 k - the +3 Mad Mage's Maulers (worn) {Infuse+∞ RegenMP Int-3}
   (You found it on level 2 of the Dungeon)

   It empowers its wearer's blows with all of their magic.
   It causes its wearer's magical reserves to regenerate more quickly.
   Int:       It affects your intelligence (-3).
 r - a +0 troll leather armour (worn) {Pargi}
Jewellery
 f - a ring of positive energy (left hand)
 i - an amulet of guardian spirit (around neck)
 o - a ring of positive energy (right hand)
Wands
 m - a wand of mindburst (15)
Scrolls
 j - 4 scrolls of fog
 p - 2 scrolls of enchant weapon
 q - 4 scrolls of blinking
 t - a scroll of enchant armour {unknown}
 w - a scroll of identify
 x - a scroll of amnesia
 y - a scroll of teleportation
Potions
 d - 2 potions of might
 e - a potion of mutation {unknown}
 h - a potion of curing {unknown}
 l - 3 potions of attraction {unknown}
 n - 2 potions of heal wounds
 s - a potion of flight {unknown}
 u - a potion of degeneration {unknown}


   Skills:
 + Level 6.5 Fighting
 + Level 8.5(9.4) Axes
 + Level 4.9(6.7) Maces & Flails
 + Level 5.5 Armour
 + Level 2.5 Dodging
 + Level 1.2 Stealth
 + Level 4.9 Shields


You had 8 spell levels left.
You didn't know any spells.
Your spell library contained the following spells:

 Spells                   Type           Power      Damage    Failure   Level
 Foxfire                  Conj/Fire      0%         2x1d4     61%         1
 Blink                    Tloc           0%         N/A       75%         2
 Corpse Rot               Necr/Air       0%         N/A       75%         2
 Poisonous Vapours        Pois/Air       0%         N/A       75%         2
 Static Discharge         Conj/Air       0%         N/A       75%         2
 Swiftness                Air            0%         N/A       93%         3
 Manifold Assault         Tloc           0%         N/A       100%        5
 Storm Form               Tmut/Air       0%         N/A       100%        7


Dungeon Overview and Level Annotations

Branches:
Dungeon (6/15)             Temple (1/1) D:6           Sewer (visited)

Altars:
Ashenzari
Cheibriados
Dithmenos
Elyvilon
Fedhas
Gozag
Makhleb
Nemelex Xobeh
Okawaru
Qazlal
Trog
Zin

Shops:
D:4 (

Annotations:
D:6 Maggie


Message History

Maggie is severely wounded.
Maggie hits you with a +0 broad axe.
You barely miss Maggie.
Maggie is severely wounded.
Maggie hits you with a +0 broad axe.
You're too confused to move!
Maggie hits you with a +0 broad axe.
You hit Maggie.
Maggie is severely wounded.
You hit Maggie.
Maggie is severely wounded.
Maggie zaps a wand.
Your will is overpowered!
You are more confused.
You're too confused to move!
Maggie zaps a wand.
Your will is overpowered!
You are more confused.
You hit Maggie.
Maggie is almost dead.
Maggie hits you with a +0 broad axe.
You whack Maggie!
Maggie is almost dead.
Maggie hits you but does no damage.
You miss Maggie.
Maggie is almost dead.
Maggie barely misses you.
You barely miss Maggie.
Maggie is almost dead.
Maggie zaps a wand.
You easily resist.
You break out of your daze!
You bump into the rock wall.
Maggie zaps a wand.
Your will is overpowered!
You are more confused.
The now-empty wand crumbles to dust.
You bump into the rock wall.
You bump into the rock wall.
You're too confused to move!
Maggie gestures at you while chanting. The bolt of fire hits you!!
* * * LOW HITPOINT WARNING * * *
You bump into the rock wall.
Maggie gestures at you while chanting. The bolt of fire hits you!
You die...

#....# #..... ..# .....
..# #...# ...# ##...#
...# ...# #.<..##...##.
...# #....#....... ...#
#....#....... ...##
#...@@....... ....##
#....#######. .....#
##...#.....# .#.#.#
##...#.....# .....##
#....#.....# ...#..#
#....#.....+ ......#
#....#.....# ...#..#
#....#.....#
......########'###.....#


You could see Maggie.

Vanquished Creatures
  Grinder (D:6)
  Eustachio (D:6)
  Pargi (Sewer)
  A sky beast (D:5)
  2 ogres
  A phantom (D:6)
  A wyvern zombie (D:6)
  2 scorpions
  A wyvern skeleton (D:6)
  2 water moccasin skeletons (D:6)
  A howler monkey (D:5)
  A crimson imp (D:6)
  A centaur skeleton (D:5)
  An orc priest (D:5)
  5 hounds
  A bullfrog skeleton (D:3)
  3 iguanas (D:5)
  An orc wizard (D:6)
  2 hound skeletons
  7 adders
  A white imp (D:5)
  An ufetubus (D:6)
  An adder skeleton (D:4)
  7 worms
  9 orcs
  3 ball pythons
  6 bats
  3 endoplasms
  5 giant cockroaches
  4 goblins
  5 hobgoblins
  A jackal (D:4)
  2 quokkas
  5 frilled lizards
  3 kobolds
  4 rats
96 creatures vanquished.

Notes
Turn   | Place    | Note
-------+----------+-------------------------------------------
     0 | D:1      | terff the Hill Orc Fighter began the quest for the Orb.
     0 | D:1      | Reached XP level 1. HP: 19/19 MP: 1/1
    52 | D:1      | Got the Collected Works on the Torrid Birds
    86 | D:1      | Found a faded altar of an unknown god.
   201 | D:1      | Reached XP level 2. HP: 19/27 MP: 0/2
   537 | D:2      | Reached skill level 3 in Axes
   800 | D:2      | Found the +3 Mad Mage's Maulers {Infuse+∞ RegenMP Int-3}
   805 | D:2      | Reached XP level 3. HP: 31/33 MP: 3/3
  1182 | D:3      | Reached XP level 4. HP: 40/41 MP: 1/4
  1640 | D:4      | Reached skill level 4 in Axes
  1648 | D:4      | Reached XP level 5. HP: 41/47 MP: 1/5
  1694 | D:4      | Found a glowing drain.
  1725 | Sewer    | Entered a sewer
  1797 | Sewer    | Noticed Pargi
  1812 | Sewer    | Killed Pargi
  1813 | Sewer    | Reached skill level 5 in Fighting
  1813 | Sewer    | Reached skill level 5 in Axes
  1813 | Sewer    | Reached XP level 6. HP: 30/56 MP: 1/6
  2085 | D:4      | Reached skill level 6 in Axes
  2103 | D:4      | Found Icoz's Weapon Shoppe.
  2539 | D:5      | Entered Level 5 of the Dungeon
  2546 | D:5      | Noticed a sky beast
  2552 | D:5      | Killed a sky beast
  2553 | D:5      | Reached skill level 7 in Axes
  2553 | D:5      | Reached skill level 1 in Dodging
  2553 | D:5      | Reached XP level 7. HP: 56/61 MP: 1/7
  3087 | D:5      | Reached skill level 8 in Axes
  3094 | D:5      | Reached skill level 1 in Maces & Flails
  3708 | D:6      | Reached skill level 1 in Stealth
  3708 | D:6      | Reached XP level 8. HP: 54/70 MP: 1/8
  3736 | D:6      | Found a white marble altar of Elyvilon.
  3778 | D:6      | Found a burning altar of Makhleb.
  3923 | D:6      | Reached skill level 5 in Armour
  4072 | D:6      | Found a staircase to the Ecumenical Temple.
  4075 | D:6      | Noticed Eustachio
  4084 | Temple   | Entered the Ecumenical Temple
  4225 | Temple   | Became a worshipper of Warmaster Okawaru
  4270 | D:6      | Killed Eustachio
  4315 | D:6      | Noticed Grinder
  4371 | D:6      | Paralysed by Grinder for 4 turns
  4382 | D:6      | Killed Grinder
  4440 | D:6      | Reached XP level 9. HP: 78/78 MP: 0/9
  4612 | D:6      | Noticed Maggie
  4656 | D:6      | Killed from afar by Maggie

Illustrated notes

Levels and vault maps discovered:
D:1:      erik_arrival_blinker_ship, layout_rooms,
          hellmonk_ecumenical_altar_heavens_door, minmay_distorted
D:2:      layout_rooms, minmay_tromino_i4
D:3:      layout_loops_ring, serial_park_tiny_pond
D:4:      layout_cave_pools, cheibrodos_sewer_entry_sluice,
          hangedman_abyss_or_decor_slice, nicolae_stop_n_shop_1,
          minmay_fractal_squares_diagonal_5
D:5:      minmay_polygon_palace, layout_basic, abandoned_shop
D:6:      layout_gridville, nicolae_elyvilon_peaceful_grove,
          makhleb_grotto_becter, minmay_temple_entry_glass, minmay_manual_mail,
          uniq_maggie, uniq_eustachio, uniq_grinder
Temple:   mainiacjoe_temple_big_plus

Skill      XL: |  1  2  3  4  5  6  7  8 |
---------------+-------------------------+-----
Fighting       | 4 5 6 |  6.5
Axes           | 3 4 5 7 8 |  8.5
Shields        | 4 |  4.9
Armour         | 4 5 |  5.5
Dodging        | 1 2 |  2.5
Maces & Flails | 1 4 |  4.9
Stealth        | 1 |  1.2

Action                   |  1- 3 |  4- 6 |  7- 9 || total
-------------------------+-------+-------+-------++-------
Melee: War axe           |    72 |    86 |    13 ||   171
       Whip              |       |       |   197 ||   197
  Use: Scroll            |     4 |     4 |     1 ||     9
Armor: Scale mail        |    44 |    48 |       ||    92
       Troll leather arm |       |    14 |   105 ||   119
Dodge: Dodged            |    42 |    41 |   124 ||   207
Block: Buckler           |    14 |    22 |    37 ||    73
